 Dungeon Crawl Stone Soup version 0.24-a0-581-gc0fa6600bf (webtiles) character file.

Game seed: 13083262203021755134

5503 Eightlegvermin the Transmogrifier (level 10, -8/69 HPs)
             Began as an Octopode Transmuter on Aug 25, 2019.
             Was an Initiate of Gozag.
             Mangled by a red ugly thing (18 damage)
             ... on level 9 of the Dungeon.
             The game lasted 00:57:23 (12247 turns).

Eightlegvermin the Transmogrifier (OpTm)           Turns: 12247, Time: 00:57:25

Health: -8/69      AC:  2    Str: 10    XL:     10   Next: 70%
Magic:  7/13       EV: 27    Int: 15    God:    Gozag
Gold:   374        SH:  0    Dex: 21    Spells: 2/13 levels left

rFire    . . .     SeeInvis .     - Unarmed
rCold    . . .     Gourm    .   (shield currently unavailable)
rNeg     . . .     Faith    .   (helmet currently unavailable)
rPois    x         Spirit   .   (no amulet)
rElec    .         Reflect  .   h - ring of protection from magic
rCorr    .         Harm     .   (no ring)
MR       +....                  (no ring)
Stlth    +++.......             (no ring)
HPRegen  0.21/turn              (no ring)
MPRegen  0.13/turn              (no ring)
                                (no ring)
                                (no ring)

@: spider-form, very slightly contaminated
A: tiny, almost no armour, stealthy swim, (amphibious), 8 rings, (constrict 8)
a: End Transformation, Potion Petition, Call Merchant, Bribe Branch, Renounce
Religion


You were on level 9 of the Dungeon.
You worshipped Gozag.
Gozag was aware of your devotion.
You were hungry.
You were a venomous arachnid creature.
You visited 2 branches of the dungeon, and saw 10 of its levels.

You collected 822 gold pieces.
You spent 300 gold pieces at shops.
You paid 148 gold pieces to Gozag.

Inventory:

Missiles
 a - 121 arrows
 e - 86 poisoned darts (quivered)
 p - 3 atropa-tipped darts
Armour
 t - a +1 hat (melded)
Magical Staves
 b - an uncursed staff of fire {unknown}
Jewellery
 h - a ring of protection from magic (left front leg)
Wands
 m - a wand of paralysis (19)
 s - a wand of digging (5)
 w - a wand of enslavement (7)
Scrolls
 f - a scroll of enchant weapon
 j - 2 scrolls of immolation
 k - 9 scrolls of remove curse
 l - 5 scrolls of teleportation
 u - 2 scrolls of amnesia {unknown}
 v - a scroll of fear {unknown}
 y - a scroll of magic mapping {unknown}
 A - a scroll of summoning {unknown}
Potions
 d - a potion of brilliance
 g - 2 potions of lignification
 i - a potion of might
 n - a potion of flight
 o - a potion of agility
 q - 3 potions of heal wounds
 r - a potion of invisibility
 x - 3 potions of curing
 z - a potion of mutation {unknown}
Comestibles
 c - 13 rations


   Skills:
 + Level 6.9 Fighting
 + Level 7.1 Dodging
 - Level 3.0 Stealth
 + Level 5.7 Unarmed Combat
 * Level 2.4 Spellcasting
 - Level 10.8 Transmutations
 - Level 2.3 Poison Magic


You had 2 spell levels left.
You knew the following spells:

 Your Spells              Type           Power        Failure   Level  Hunger
a - Beastly Appendage     Tmut           ####..       2%          1    #......
b - Sticks to Snakes      Tmut           ####....     3%          2    ###....
c - Spider Form           Tmut/Pois      ###.......   13%         3    ###....
d - Blade Hands           Tmut           ####......   19%         5    ######.

Your spell library contained the following spells:

 Spells                   Type           Power        Failure   Level  Hunger
 Ice Form                 Ice/Tmut       ###.....     43%         4    #####..


Dungeon Overview and Level Annotations

Branches:
Dungeon (9/15)             Temple (1/1) D:7
   Lair: D:8-11         Orc: D:9-12

Altars:
Ashenzari
Cheibriados
Dithmenos
Elyvilon
Fedhas
Gozag
Hepliaklqana
Kikubaaqudgha
Makhleb
Nemelex Xobeh
Okawaru
Qazlal
Ru
Sif Muna
Trog
Uskayaw
Vehumet
Wu Jian
Xom
Yredelemnul
Zin
The Shining One

Shops:
D:6 *   D:9 !

Annotations:
D:4 1 runed translucent door, barakagiga's ghost, amateur HOGl


Innate Abilities, Weirdness & Mutations

You cannot wear most types of armour.
You are very stealthy in the water. (Stealth+)
((You are amphibious.))
You can wear up to eight rings at the same time.
((You can use your tentacles to constrict eight enemies at once.))
((Your skin changes colour to match your surroundings (Stealth+).))
((Your rubbery body absorbs attacks. (AC +1, EV +1)))


Message History

You bite the hound!
You kill the hound!
The red ugly thing is no longer distracted by gold.
Casting: Spider Form (safe; 13% risk of failure)
Confirm with . or Enter, or press ? or * to list all spells.
You miscast Blade Hands.
You are very lightly contaminated with residual magic.
Strange energies run through your body.
You are feeling hungry.
The red ugly thing misses you.
You bite the red ugly thing!
The red ugly thing is poisoned.
The red ugly thing is lightly wounded.
The red ugly thing gores you!
You are engulfed in flames!
You closely miss the red ugly thing.
The red ugly thing is lightly wounded.
The red ugly thing gores you!
* * * LOW HITPOINT WARNING * * *
You are engulfed in flames!!
You die...
Your body crumbles into a pile of gold.

#.# #.# #.# #.# $
#.# #.# #.# ...
#.####.#######
#.#
#..>.........#
#.##
#.#####......#
... $ #.#
#......#####.#
#.#
#......##.##.##$#
#.#
#(.....su.......#
#.
#......##.##.##$#
#.
........#####.#
#. ###.######
$..$ #.# #. ####
#.# # #.# ... #.#
.... #.# ......
#.#


You could see a red ugly thing.

Vanquished Creatures
  Maurice (D:9)
  Prince Ribbit (D:5)
  6 yaks (D:9)
  2 ice beasts (D:5)
  3 orc warriors
  A phantom (D:6)
  3 centaurs
  2 sky beasts
  4 ogres
  3 big kobolds
  6 bullfrogs
  A scorpion (D:7)
  6 killer bees
  3 wights (D:9)
  A howler monkey (D:9)
  A crimson imp (D:6)
  2 quasits
  A bullfrog zombie (D:9)
  6 hounds
  5 orc priests
  3 jellies
  2 iguanas
  5 orc wizards
  5 worker ants
  A hound zombie (D:7)
  A hound skeleton (D:6)
  3 gnolls (D:3)
  8 adders
  A shadow imp (D:6)
  2 oozes
  2 adder zombies
  An adder skeleton (D:9)
  6 worms
  5 dart slugs
  6 leopard geckos
  23 orcs
  A ball python (D:4)
  7 giant cockroaches
  5 goblins
  5 hobgoblins
  17 jackals
  27 kobolds
  2 quokkas
  7 bats
  4 frilled lizards
  A leopard gecko skeleton (D:5)
  8 rats
216 creatures vanquished.

Vanquished Creatures (collateral kills)
  A two-headed ogre (D:8)
  Sigmund (D:2)
  An ice beast (D:5)
  2 shadow imps
5 creatures vanquished.

Grand Total: 221 creatures vanquished

Notes
Turn   | Place    | Note
-------+----------+-------------------------------------------
     0 | D:1      | Eightlegvermin the Octopode Transmuter began the quest for
                  | the Orb.
     0 | D:1      | Reached XP level 1. HP: 13/13 MP: 3/3
   375 | D:1      | Reached skill level 1 in Stealth
   375 | D:1      | Reached XP level 2. HP: 18/18 MP: 3/5
   703 | D:1      | Reached XP level 3. HP: 23/23 MP: 4/6
   880 | D:1      | Learned a level 2 spell: Sticks to Snakes
   908 | D:1      | Learned a level 3 spell: Spider Form
  1154 | D:2      | Noticed Sigmund
  1531 | D:2      | Reached skill level 3 in Transmutations
  1531 | D:2      | Reached skill level 1 in Poison Magic
  1531 | D:2      | Reached XP level 4. HP: 23/28 MP: 5/7
  2472 | D:2      | Reached XP level 5. HP: 32/33 MP: 6/8
  2679 | D:2      | Killed Sigmund
  2862 | D:3      | Reached skill level 4 in Transmutations
  3037 | D:3      | Reached XP level 6. HP: 35/38 MP: 5/9
  3943 | D:4      | Reached skill level 5 in Transmutations
  4157 | D:4      | Reached XP level 7. HP: 41/43 MP: 6/10
  4223 | D:4      | Found a runed translucent door.
  4225 | D:4      | Noticed barakagiga's ghost (amateur HOGl)
  5121 | D:5      | Entered Level 5 of the Dungeon
  5206 | D:5      | Reached skill level 5 in Unarmed Combat
  5812 | D:5      | Noticed Prince Ribbit
  5827 | D:5      | Killed Prince Ribbit
  5827 | D:5      | Reached skill level 6 in Transmutations
  6315 | D:5      | Reached XP level 8. HP: 27/51 MP: 8/11
  7342 | D:6      | Reached skill level 7 in Transmutations
  7394 | D:6      | Found Gabuleiv's General Store.
  8007 | D:6      | Reached skill level 8 in Transmutations
  8079 | D:6      | Reached XP level 9. HP: 58/58 MP: 10/12
  8479 | D:7      | Reached skill level 5 in Dodging
  9177 | D:8      | Reached skill level 5 in Fighting
  9177 | D:8      | Reached skill level 9 in Transmutations
  9544 | D:7      | HP: 3/61 [poisoned by a killer bee]
  9552 | D:7      | HP: 3/61 [poisoned by a killer bee]
 10047 | D:7      | Found a staircase to the Ecumenical Temple.
 10056 | Temple   | Entered the Ecumenical Temple
 10155 | Temple   | Became a worshipper of Gozag Ym Sagoz the Greedy
 10183 | D:7      | Learned a level 5 spell: Blade Hands
 10651 | D:8      | Noticed a two-headed ogre
 10679 | D:8      | Killed a two-headed ogre
 10679 | D:8      | Reached skill level 10 in Transmutations
 10679 | D:8      | Reached XP level 10. HP: 46/68 MP: 10/13
 10859 | D:8      | Found a bloodstained altar of Trog.
 11146 | D:6      | Bought a ration for 55 gold pieces
 11146 | D:6      | Bought a potion of heal wounds for 55 gold pieces
 11525 | D:9      | Found an ornate altar of the Wu Jian Council.
 11572 | D:9      | Found a shattered altar of Ashenzari.
 11768 | D:9      | Found Itona's Distillery.
 11772 | D:9      | Noticed Maurice
 11791 | D:9      | Killed Maurice
 11844 | D:9      | Bought a potion of heal wounds for 50 gold pieces
 11844 | D:9      | Bought a potion of curing for 30 gold pieces
 11844 | D:9      | Bought a potion of heal wounds for 50 gold pieces
 11844 | D:9      | Bought a potion of curing for 30 gold pieces
 11844 | D:9      | Bought a potion of curing for 30 gold pieces
 12237 | D:9      | Noticed a red ugly thing
 12247 | D:9      | Mangled by a red ugly thing

Levels and vault maps discovered:
D:1:      nzn_arrival_depleted_hourglass, layout_basic,
          chequers_serial_rivers_large_a
D:2:      layout_rooms, first_ration, uniq_sigmund
D:3:      layout_loops_ring
D:4:      cheibrodos_pilgrimage, layout_basic, portal_sewer_entry_d,
          ebering_ghost_sewer_d
D:5:      layout_layer_cave, uniq_prince_ribbit1
D:6:      layout_cave_pools, serial_shops, nicolae_shop_statue_plus,
          minmay_fractal_squares_gapless_5
D:7:      layout_rooms, minmay_temple_entry_overgrown
D:8:      layout_basic, basic_altar
D:9:      hangedman_cross_veins, layout_small_grid,
          chequers_temple_overflow_statue_of_worship, serial_shops, shop,
          uniq_maurice, uniq_grum
Temple:   regret_index_temple_chain_breaker

Skill      XL: |  1  2  3  4  5  6  7  8  9 10 |
---------------+-------------------------------+-----
Stealth        | 1 2 3 |  3.0
Transmutations | 3 4 5 6 8 10 | 10.8
Poison Magic   | 1 2 |  2.3
Unarmed Combat | 4 5 |  5.7
Fighting       | 2 4 6 |  6.9
Dodging        | 3 4 6 7 |  7.1
Spellcasting   | |  2.4

Action                   |  1- 3 |  4- 6 |  7- 9 | 10-12 || total
-------------------------+-------+-------+-------+-------++-------
Melee: Unarmed           |    71 |   147 |   303 |   129 ||   650
       Kick              |    11 |    21 |     5 |     2 ||    39
       Constrict         |    18 |    23 |     8 |     9 ||    58
       Tentacles         |    14 |    13 |    10 |    16 ||    53
       Punch             |     1 |     3 |     4 |     3 ||    11
Throw: Dart              |       |       |     8 |       ||     8
 Cast: Beastly Appendage |    18 |    22 |    10 |     2 ||    52
       Sticks to Snakes  |       |     4 |    11 |       ||    15
       Spider Form       |       |    13 |    43 |     8 ||    64
       Blade Hands       |       |       |       |     6 ||     6
  Use: Scroll            |       |    10 |     1 |     5 ||    16
       Potion            |       |       |     3 |       ||     3
 Stab: Sleeping          |     7 |     5 |     4 |     4 ||    20
       Distracted        |       |       |       |     2 ||     2
  Eat: Chunk             |     2 |    10 |    15 |       ||    27
       Ration            |       |       |     4 |     2 ||     6
Armor: Skin              |     6 |    15 |    19 |     5 ||    45
Dodge: Dodged            |    47 |   113 |   368 |    85 ||   613

Table legend:
 A = Non-vault XP
 B = Vault XP
 C = Vault XP percentage of total XP
 D = Non-vault monster count
 E = Vault monster count
 F = Vault count percentage of total count
                 A         B        C        D         E       F
            +---------+---------+-------+---------+---------+-------
      Total |    6609 |    1253 |  15.9 |     205 |      16 |   7.2
            +---------+---------+-------+---------+---------+-------
        D:1 |      57 |       0 |   0.0 |      25 |       0 |   0.0
        D:2 |     130 |     112 |  46.3 |      30 |       1 |   3.2
        D:3 |     142 |       0 |   0.0 |      27 |       0 |   0.0
        D:4 |     394 |     107 |  21.4 |      16 |       6 |  27.3
        D:5 |     426 |     264 |  38.3 |      11 |       1 |   8.3
        D:6 |     721 |     143 |  16.6 |      20 |       3 |  13.0
        D:7 |     934 |       0 |   0.0 |      29 |       0 |   0.0
        D:8 |    1780 |       0 |   0.0 |      28 |       0 |   0.0
        D:9 |    2025 |     627 |  23.6 |      19 |       5 |  20.8
            +---------+---------+-------+---------+---------+-------
